AoeStats
← ogipochi_

Fortress

508642618Analyzed
3v3 RM · 9d ago on Sep 23, 2026· 53m 19s· 6 players
Game mode
Random Map
Map size
Large (8 player)
Population
200
Speed
Normal
Resources
Standard
Victory
Conquest
Starting age
Dark Age
Ending age
Imperial Age
RankedLock teamsTeams togetherTeam positionsShared explorationLock speedFull tech treeHidden civsTurbo modeCheats
Victory
Defeat
🇨🇳 Franks · China
919
+30
🇫🇷 Persians · France
889
+16
🇨🇳 Romans · China
789
+21
🇻🇳 Franks · Vietnam
926
-18
🇨🇳 Khitans · China
924
-19
🇯🇵 Wei · Japan
839
-15
那就一个字
8:28 Feudal Age
10:30 Double-Bit Axe
11:20 Forging
14:37 Castle Age
13:39 Horse Collar
13:23 Man-at-Arms
13:58 Gold Mining
14:02 Stone Mining
15:42 Loom
16:34 Wheelbarrow
15:28 Long Swordsman
16:09 Squires
20:09 Elite Skirmisher
20:51 Pikeman
26:32 Ballistics
27:00 Bow Saw
29:30 Imperial Age
31:27 Chemistry
30:39 Fortified Wall
33:09 Halberdier
33:11 Legionary
35:26 Heavy Scorpion
37:12 Scale Mail Armor
37:48 Iron Casting
47:08 Gold Shaft Mining
49:46 Heavy Plow
50:19 Caravan
罗源刘德华
6:26 Feudal Age
10:15 Castle Age
9:39 Double-Bit Axe
18:39 Wheelbarrow
18:23 Bow Saw
18:44 Loom
20:58 Hand Cart
26:09 Imperial Age
24:39 Husbandry
25:26 Scale Barding Armor
25:32 Forging
25:49 Gold Mining
25:52 Stone Mining
27:04 Chain Barding Armor
26:59 Chivalry
27:19 Conscription
27:36 Iron Casting
27:14 Cavalier
29:08 Plate Barding Armor
29:18 Gold Shaft Mining
28:36 Paladin
31:02 Blast Furnace
40:14 Caravan
44:31 Light Cavalry
jo.desmettre
3:26 Loom
8:55 Feudal Age
9:26 Gold Mining
10:06 Horse Collar
10:47 Double-Bit Axe
17:31 Castle Age
18:08 Bloodlines
18:41 Parthian Tactics
19:27 Heavy Plow
21:05 Fletching
24:19 Imperial Age
22:18 Bow Saw
22:20 Murder Holes
22:40 Husbandry
24:40 Wheelbarrow
26:37 Two-Man Saw
26:03 Hand Cart
27:21 Chemistry
26:44 Forging
28:22 Kamandaran
28:34 Citadels
29:24 Cavalier
31:58 Pikeman
34:04 Halberdier
34:44 Squires
34:30 Arson
35:10 Thumb Ring
39:21 Iron Casting
38:47 Scale Mail Armor
38:53 Scale Barding Armor
39:34 Crop Rotation
40:14 Savar
42:51 Chain Barding Armor
42:48 Chain Mail Armor
44:11 Blast Furnace
44:43 Plate Barding Armor
45:08 Bodkin Arrow
47:44 Caravan
ogipochi_
3:58 Loom
8:36 Feudal Age
9:11 Double-Bit Axe
9:17 Gold Mining
9:18 Stone Mining
9:10 Horse Collar
10:08 Wheelbarrow
9:19 Town Watch
13:21 Bloodlines
16:19 Castle Age
15:27 Forging
15:23 Scale Barding Armor
17:52 Husbandry
21:48 Gold Shaft Mining
21:58 Stone Shaft Mining
24:06 Heavy Plow
26:24 Iron Casting
26:57 Chain Barding Armor
29:58 Imperial Age
28:22 Tuntian
29:18 Bow Saw
30:03 Capped Ram
30:08 Heavy Hei Guang Cavalry
31:57 Blast Furnace
OK,OK
3:45 Loom
8:09 Feudal Age
8:36 Domestication
9:02 Double-Bit Axe
13:50 Castle Age
12:46 Gold Mining
14:13 Light Cavalry
15:25 Bow Saw
20:06 Forging
21:20 Scale Barding Armor
23:48 Stone Mining
25:03 Wheelbarrow
24:19 Elite Skirmisher
29:31 Imperial Age
27:45 Fletching
29:04 Pastoralism
29:33 Bodkin Arrow
29:38 Padded Archer Armor
30:37 Conscription
31:09 Heavy Cavalry Archer
32:15 Parthian Tactics
33:55 Hand Cart
33:43 Scale Mail Armor
34:31 Husbandry
34:51 Chain Mail Armor
35:12 Iron Casting
36:04 Ballistics
37:01 Lamellar Armor
39:19 Elite Liao Dao
43:30 Plate Mail Armor
43:02 Bracer
44:20 Chemistry
48:27 Masonry
48:51 Leather Archer Armor
48:57 Chain Barding Armor
dangcongtien.thcslb
7:37 Feudal Age
9:12 Double-Bit Axe
12:33 Castle Age
11:42 Gold Mining
14:50 Bow Saw
18:49 Wheelbarrow
18:01 Loom
21:30 Hand Cart
24:28 Imperial Age
22:21 Husbandry
22:37 Forging
23:25 Hand Cart
22:59 Arson
24:35 Iron Casting
25:24 Scale Barding Armor
25:49 Conscription
26:33 Gold Shaft Mining
26:19 Cavalier
27:21 Chain Barding Armor
27:41 Paladin
29:58 Blast Furnace
30:18 Plate Barding Armor
29:35 Fletching
30:04 Chivalry
32:34 Caravan
41:32 Bodkin Arrow
Connection lost

Rejoining the realm…

Still unreachable

The connection could not be restored.

Session expired

The server has moved on; the page needs a fresh start.